 Dungeon Crawl Stone Soup version 0.28-a0-245-g639a1a48b9 (webtiles) character file.

Game seed: 7696274311392532215

1051 Colgate the Cleaver (level 7, -9/57 HPs)
             Began as a Demigod Fighter on Aug 25, 2021.
             Mangled by a two-headed ogre (21 damage)
             ... on level 6 of the Dungeon.
             The game lasted 00:07:55 (4622 turns).

Colgate the Cleaver (Demigod Fighter)               Turns: 4622, Time: 00:07:55

Health: -9/57      AC: 11    Str: 25    XL:     7   Next: 76%
Magic:  9/9        EV: 10    Int: 10    God:
Gold:   151        SH:  8    Dex: 13    Spells: 6/6 levels left

rFire   . . .      SeeInvis .   Y - +1 war axe
rCold   . . .      Faith    .   c - +0 kite shield
rNeg    . . .      Spirit   .   b - +0 chain mail
rPois   .          Reflect  .   m - +0 helmet
rElec   .          Harm     .   (no cloak)
rCorr   .          Rampage  +   e - +0 pair of gloves
Will    .....                   (no boots)
Stlth   ..........              a - amulet of Joy {Rampage Regen+}
HPRegen 1.19/turn               i - +4 ring of evasion
MPRegen 0.11/turn               (no ring)

@: no status effects
A: high mp 1, forlorn
a: no special abilities


You were on level 6 of the Dungeon.
You visited 1 branch of the dungeon, and saw 6 of its levels.

You collected 226 gold pieces.
You spent 75 gold pieces at shops.


Innate Abilities, Weirdness & Mutations

Your attributes grow dramatically as you level up.
You have an increased reservoir of magic. (+10% MP)
You shall have no god before yourself.


   Skills:
 + Level 3.5 Fighting
 - Level 8.0 Axes
 - Level 2.6 Armour
 - Level 2.4 Dodging
 - Level 2.6 Shields


You had 6 spell levels left.
You didn't know any spells.
Your spell library was empty.

Inventory:

Hand Weapons
 f - a +0 morningstar
 Y - a +1 war axe (weapon)
Missiles
 k - 8 silver javelins
Armour
 b - a +0 chain mail (worn)
 c - a +0 kite shield (worn)
 e - a +0 pair of gloves (worn)
 m - a +0 helmet (worn)
Jewellery
 a - the amulet of Joy (around neck) {Rampage Regen+}
   (You acquired it on level 1 of the Dungeon)

   [amulet of regeneration]

   Regen:     It increases your rate of health regeneration.
   Rampage:   It bestows one free step when moving towards enemies.
 i - a +4 ring of evasion (left hand)
Wands
 j - a wand of paralysis (7)
Scrolls
 g - 2 scrolls of teleportation
 q - a scroll of identify
Potions
 d - a potion of might
 h - a potion of curing
 l - a potion of brilliance {unknown}
 n - a potion of magic {unknown}
 p - a potion of degeneration {unknown}

Dungeon Overview and Level Annotations

Branches:
Dungeon (6/15)             Temple (0/1) D:5

Shops:
D:3 ?


Message History

You kill the orc priest!
Your Axes skill increases to level 8!
Things that are here:
a +0 dagger; a +0 ring mail; a +0 hand axe
Found 8 gold pieces.
Enter note:
Enter note:
Found a short sword.
You now have 151 gold pieces (gained 8).
You see here a +0 short sword.
Found 15 arrows.
Enter note:
Found a stone staircase leading up.
Enter note:
Enter note:
Found a stone staircase leading down.
A two-headed ogre comes into view.
It is wielding a +0 giant club and a +0 giant spiked club.
The two-headed ogre shouts in stereo!
You closely miss the two-headed ogre.
The two-headed ogre hits you with a +0 giant club!!
You block the two-headed ogre's attack.
You slash the two-headed ogre!
The two-headed ogre is lightly wounded.
The two-headed ogre closely misses you.
The two-headed ogre hits you with a +0 giant spiked club.
You hit the two-headed ogre.
The two-headed ogre is lightly wounded.
You block the two-headed ogre's attack. x2
You slice the two-headed ogre!!
The two-headed ogre is heavily wounded.
The two-headed ogre hits you with a +0 giant club.
The two-headed ogre hits you with a +0 giant spiked club!
You slash the two-headed ogre!
The two-headed ogre is severely wounded.
The two-headed ogre hits you with a +0 giant club!
You block the two-headed ogre's attack.
You slash the two-headed ogre!
The two-headed ogre is severely wounded.
The two-headed ogre hits you with a +0 giant club!!
You die...

#.# #..#..#.# #.#
#..#..#.#
###.###..#..#.#
.#.#.#...#..#.#
..#.#.#.#.###.#
.#.#.#...#.##.#
#.#.#.#...###.###
.#.#.#...#.##...##
#.#.#.#.#.#...#.@#
.#.#.#...#.#####O#
#(#.#.#.#.## ..#
.#.#.#...# ...#
#.#.#.#.# ....#
.#.#.#.. .....#
#.#.#.# #....##
.#. .# #.... #.


You could see a two-headed ogre.

Vanquished Creatures
  An ice beast (D:5)
  A centaur (D:5)
  A phantom (D:5)
  A gnoll sergeant (D:5)
  2 scorpions
  2 water moccasin zombies (D:5)
  A water moccasin skeleton (D:5)
  An orc priest (D:6)
  A hound (D:5)
  2 bullfrog skeletons (D:5)
  An iguana (D:5)
  Natasha (twice) (D:4)
  3 orc wizards
  A hound skeleton (D:5)
  Robin (D:4)
  5 adders
  3 gnolls (D:5)
  A white imp (D:5)
  An ufetubus (D:5)
  2 worms (D:2)
  2 dart slugs
  10 orcs
  9 endoplasms
  A giant cockroach (D:1)
  13 goblins
  9 hobgoblins
  2 jackals (D:1)
  2 quokkas
  3 ball pythons
  5 bats
  2 frilled lizards (D:1)
  7 kobolds
  3 rats (D:1)
101 creatures vanquished.

Vanquished Creatures (others)
  A demonic plant (D:1)
  2 fungi (D:1)
  A plant (D:1)
  2 withered plants (D:1)
6 creatures vanquished.

Grand Total: 107 creatures vanquished

Notes
Turn   | Place    | Note
-------+----------+-------------------------------------------
     0 | D:1      | Colgate the Demigod Fighter began the quest for the Orb.
     0 | D:1      | Reached XP level 1. HP: 18/18 MP: 3/3
     0 | D:1      | 0 ||| counter = 89
    52 | D:1      | Reached skill level 2 in Axes
   270 | D:1      | Reached XP level 2. HP: 25/25 MP: 4/4
   643 | D:1      | Reached skill level 3 in Axes
   925 | D:1      | 925 ||| READING scroll labelled SYKAHY VOOL.
   925 | D:1      | Identified a scroll of acquirement
   925 | D:1      | 925 ||| ACQUIRING amulet of Joy {Rampage Regen+}
   925 | D:1      | Acquired the amulet of Joy {Rampage Regen+}
   927 | D:1      | 927 ||| UPGRADING to amulet of Joy {Rampage Regen+}.
   932 | D:1      | 932 ||| READING scroll labelled OFASUAH COAMEU.
  1161 | D:2      | Reached skill level 1 in Dodging
  1161 | D:2      | Reached XP level 3. HP: 30/30 MP: 5/5
  1283 | D:2      | 1283 ||| DROPPING +0 club.
  1847 | D:2      | You fall into a shaft and drop 1 floor!
  1848 | D:3      | 1848 ||| Shafted from D:2 to D:3.
  1917 | D:2      | 1917 ||| Successfully unshafted to D:2.
  2039 | D:2      | 2039 ||| UPGRADING to +0 pair of gloves.
  2044 | D:2      | 2044 ||| READING scroll labelled MOTRUANOFO.
  2045 | D:2      | 2045 ||| READING 3 scrolls labelled RYF QOCAAKIUPH.
  2048 | D:2      | 2048 ||| READING scroll labelled LEOLUO OTAI.
  2071 | D:3      | 2071 ||| DROPPING +0 mace.
  2358 | D:3      | Found Cothinemil's Magic Scroll Shoppe.
  2371 | D:3      | 2371 ||| BUYING scroll of enchant weapon (75 gold).
  2371 | D:3      | Bought a scroll of enchant weapon for 75 gold pieces
  2371 | D:3      | 2371 ||| SHOPLISTING scroll of enchant weapon (75 gold,
                  | have 40).
  2371 | D:3      | 2371 ||| READING scroll of enchant weapon.
  2371 | D:3      | 2371 ||| ENCHANTING +0 war axe.
  2692 | D:3      | 2692 ||| UPGRADING to +4 ring of evasion.
  2693 | D:3      | 2693 ||| READING scroll labelled GALODO ONGENT.
  2765 | D:4      | Noticed a scorpion
  2775 | D:4      | Killed a scorpion
  2776 | D:4      | Reached skill level 4 in Axes
  2776 | D:4      | Reached XP level 4. HP: 11/37 MP: 6/6
  2814 | D:4      | Noticed Natasha
  2825 | D:4      | Killed Natasha
  2877 | D:4      | Reached XP level 5. HP: 39/42 MP: 7/7
  2928 | D:4      | Noticed Robin
  2942 | D:4      | Killed Robin
  2976 | D:4      | Reached skill level 5 in Axes
  2978 | D:4      | Noticed Natasha
  2992 | D:4      | Killed Natasha
  3659 | D:4      | 3659 ||| UPGRADING to +0 helmet.
  3664 | D:4      | 3664 ||| UPGRADING to +4 ring mail.
  3674 | D:4      | 3674 ||| DROPPING +0 scale mail.
  3675 | D:4      | 3675 ||| READING scroll labelled FAUN MUMAEHU.
  3716 | D:5      | Entered Level 5 of the Dungeon
  3797 | D:5      | Noticed an ice beast
  3799 | D:5      | Reached skill level 6 in Axes
  3799 | D:5      | Reached XP level 6. HP: 50/50 MP: 8/8
  3805 | D:5      | Reached skill level 3 in Fighting
  3877 | D:5      | Reached XP level 7. HP: 57/57 MP: 9/9
  3928 | D:5      | Reached skill level 7 in Axes
  4272 | D:5      | Found a staircase to the Ecumenical Temple.
  4437 | D:5      | 4437 ||| UPGRADING to +0 chain mail.
  4447 | D:5      | 4447 ||| DROPPING +4 ring mail.
  4448 | D:5      | 4448 ||| READING 2 scrolls labelled DEUCIR OMOPS.
  4449 | D:5      | 4449 ||| READING scroll labelled RUBENUI TA ZUPS.
  4450 | D:5      | 4450 ||| READING 2 scrolls of identify.
  4450 | D:5      | 4450 ||| IDENTIFYING metallic puce potion
  4451 | D:5      | 4451 ||| DROPPING scroll of amnesia.
  4551 | D:6      | Reached skill level 8 in Axes
  4613 | D:6      | Noticed a two-headed ogre
  4621 | D:6      | HP: 10/57 [two-headed ogre (15)]
  4622 | D:6      | Mangled by a two-headed ogre

Levels and vault maps discovered:
D:1:      tarquinn_simple_flora_water_c, layout_basic,
          shapermc_ecumenical_altar_gd, minmay_liquid_box
D:2:      layout_basic, basic_altar
D:3:      layout_basic, general_overflow_altar, mainiacjoe_overflow_alcove_4,
          nemelex_diamond_rough_becter, serial_shops, nicolae_shop_statue_plus,
          corner_web_ring
D:4:      layout_cave_pods, uniq_robin, uniq_natasha
D:5:      minmay_angry_zag, layout_basic, temple_green
D:6:      minmay_opposing_rooms, layout_basic, jmf_multi_god_temple2,
          grunt_ministairs_12, roderic_lattice_a, minmay_misc_feat_plants,
          serial_park_tiny_2

Skill      XL: |  1  2  3  4  5  6  7 |
---------------+----------------------+-----
Axes           | 2 3 4 6 8 |  8.0
Dodging        | 1 2 |  2.4
Fighting       | 3 |  3.5
Armour         | |  2.6
Shields        | |  2.6

Action                   |  1- 3 |  4- 6 |  7- 9 || total
-------------------------+-------+-------+-------++-------
Melee: War axe           |   124 |   133 |    86 ||   343
  Use: Scroll            |     7 |     1 |     3 ||    11
Armor: Scale mail        |    63 |    52 |       ||   115
       Ring mail         |       |    23 |    30 ||    53
       Chain mail        |       |       |     3 ||     3
Dodge: Dodged            |    24 |    82 |    55 ||   161
Block: Kite shield       |    53 |    73 |    36 ||   162

Table legend:
 A = Non-vault XP
 B = Vault XP
 C = Vault XP percentage of total XP
 D = Non-vault monster count
 E = Vault monster count
 F = Vault count percentage of total count
                 A         B        C        D         E       F
            +---------+---------+-------+---------+---------+-------
      Total |    1152 |     350 |  23.3 |      79 |      22 |  21.8
            +---------+---------+-------+---------+---------+-------
        D:1 |      37 |       0 |   0.0 |      22 |       0 |   0.0
        D:2 |      41 |       0 |   0.0 |      12 |       0 |   0.0
        D:3 |      24 |       0 |   0.0 |       7 |       0 |   0.0
        D:4 |     249 |      75 |  23.1 |      21 |      14 |  40.0
        D:5 |     755 |     275 |  26.7 |      15 |       8 |  34.8
        D:6 |      46 |       0 |   0.0 |       2 |       0 |   0.0
            +---------+---------+-------+---------+---------+-------
